 Dungeon Crawl Stone Soup version 0.31-a0-977-gc230f8ef24 (webtiles) character file.

Game seed: 9370042572201497747

50 Dordric the Changeling (level 3, -4/28 HPs)
             Began as a Draconian Shapeshifter on Oct 30, 2023.
             Slain by a gnoll
             ... wielding a +0 halberd
              (10 damage)
             ... on level 2 of the Dungeon.
             The game lasted 00:00:53 (787 turns).

Dordric the Changeling (Draconian Shapeshifter)      Turns: 787, Time: 00:00:54

Health: -4/28      AC:  5    Str: 18    XL:     3   Next: 55%
Magic:  3/3        EV: 12    Int: 10    God:
Gold:   57         SH:  0    Dex: 10    Spells: 2/2 levels left

rFire   . .          .
                       - Unarmed
rCold   . . .        (no shield)
rNeg    . . .        (body armour unavailable)
rPois   .            (helmet currently unavailable)
rElec   .            (cloak currently unavailable)
rCorr   .            (gloves currently unavailable)
SInv    .            (boots currently unavailable)
Will    .....        (no amulet)
Stlth   +            (no ring)
HPRegen 0.24/turn    (no ring)
MPRegen 0.08/turn

%: no passive effects
@: beast-form
A: beast (slay +2), AC +5, unfitting armour, cold-blooded
a: Begin Untransformation


You were on level 2 of the Dungeon.
You were a hulking beast.
You visited 1 branch of the dungeon, and saw 2 of its levels.

You collected 57 gold pieces.

Inventory:

Armour
 e - a +0 pair of boots
Talismans
 b - a beast talisman
 c - a flux talisman
Scrolls
 d - a scroll of vulnerability {unknown}
 g - a scroll of fog {unknown}
 h - a scroll of immolation {unknown}
 j - a scroll of fear {unknown}
 k - a scroll of identify {unknown}
 l - a scroll of teleportation {unknown}
 m - a scroll of enchant weapon {unknown}
Potions
 a - a potion of lignification
 f - a potion of mutation {unknown}
 i - a potion of attraction {unknown}


   Skills:
 - Level 1.1 Fighting
 - Level 1.7 Dodging
 - Level 3.0 Unarmed Combat
 + Level 4.4 Shapeshifting


You had 2 spell levels left.
You didn't know any spells.
Your spell library was empty.

Dungeon Overview and Level Annotations

Branches:
Dungeon (2/15)

Altars:


Innate Abilities, Weirdness & Mutations

You are a hulking beast.
Your limbs bulge with bestial killing power. (Slay +2)
Your plain brown scales are hard. (AC +5)
You cannot fit into any form of body armour.
You are cold-blooded and may be slowed by cold attacks.


Message History

The ball python hisses angrily.
A ball python is nearby!
A gnoll comes into view. It is wielding a +0 whip.
The gnoll shouts!
You hit the ball python.
You kill the ball python!
A gnoll comes into view. It is wielding a +0 halberd.
You see here a ball python corpse.
You closely miss the gnoll.
A bat comes into view.
The gnoll barely misses you.
The bat moves out of view.
You barely miss the gnoll.
The gnoll shouts!
You hear a shout!
The gnoll closely misses you.
You hit the gnoll.
The gnoll is lightly wounded.
A gnoll comes into view. It is wielding a +0 whip.
The gnoll shouts!
You hit the gnoll. You tail-slap the gnoll.
You kill the gnoll!
The gnoll barely misses you.
A bat comes into view.
A kobold comes into view. It is wielding a +0 dagger.
The gnoll closely misses you.
You closely miss the gnoll. The gnoll hits you with a +0 halberd!
You hit the gnoll. You tail-slap the gnoll.
The gnoll is heavily wounded.
The gnoll hits you with a +0 halberd!
* * * LOW HITPOINT WARNING * * *
You are too injured to fight recklessly!
You are too injured to fight recklessly!
You are too injured to fight recklessly!
You are too injured to fight recklessly!
You are too injured to fight recklessly!
There are monsters nearby!
The gnoll hits you from afar with a +0 halberd.
* * * LOW HITPOINT WARNING * * *
The gnoll attacks as it pursues you!
The gnoll hits you from afar with a +0 halberd!
You die... .. #...# .. #...# K##...# ..... bg.

# # #.#.#
##b####g#.#
........>.#
......)h#######
##.............
######.#######
#.# #.# #.#
######.#
#......#
#.######


You could see 2 gnolls and 2 bats.

Vanquished Creatures
  A gnoll (D:2)
  2 dart slugs (D:1)
  9 ball pythons
  An endoplasm (D:1)
  6 goblins (D:1)
  2 jackals (D:1)
  3 quokkas (D:1)
  6 bats (D:1)
  2 frilled lizards (D:1)
  4 kobolds
  2 rats (D:1)
38 creatures vanquished.

Notes
Turn   | Place    | Note
-------+----------+-------------------------------------------
     0 | D:1      | Dordric the Draconian Shapeshifter began the quest for the
                  | Orb.
     0 | D:1      | Reached XP level 1. HP: 16/16 MP: 1/1
    96 | D:1      | Reached XP level 2. HP: 20/23 MP: 2/2
   317 | D:1      | Reached skill level 4 in Shapeshifting
   363 | D:1      | Reached XP level 3. HP: 28/28 MP: 3/3
   787 | D:2      | Slain by a gnoll

Illustrated notes

Levels and vault maps discovered:
D:1:      beargit_arrival_diablo_church, layout_basic, minmay_tetromino_l2
D:2:      layout_loops_ring, hellmonk_ecumenical_altar_lost_god,
          hangedman_feature_mirror

Skill      XL: |  1  2 |
---------------+-------+-----
Shapeshifting  | 4 |  4.4
Fighting       | |  1.1
Dodging        | |  1.7
Unarmed Combat | |  3.0

Action                     || total
---------------------------++-------
  Melee: Unarmed           ||    78
         Punch             ||     1
         Tailslap          ||     6
   Stab: Distracted        ||     1
         Sleeping          ||     1
 Armour: Skin              ||    29
  Dodge: Dodged            ||    37

Table legend: (Time is in decaauts)
 A = Elapsed time spent in this place.
 B = Non-inter-level travel time spent in this place.
 C = Inter-level travel time spent in this place.
 D = Time resting spent in this place.
 E = Time spent auto-exploring this place.
 F = Levels seen in this place.
 G = Mean time per level.
                   A        B        C        D        E       F      G
               +--------+--------+--------+--------+--------+-----+--------+
         Total |    783 |    749 |     34 |      0 |    572 |   2 |  391.5 |
       Dungeon |    783 |    749 |     34 |      0 |    572 |   2 |  391.5 |
               +--------+--------+--------+--------+--------+-----+--------+

Top non-repeatable levels by time:
     D:1: 730 daAuts
     D:2: 52 daAuts
